 Dungeon Crawl Stone Soup version 0.23-a0-114-g55e0228dad (webtiles) character file.

13979 LuciusDrakus the Cleaver (level 11, -1/97 HPs)
             Began as a Minotaur Berserker on Aug 18, 2018.
             Was a High Priest of Trog.
             Slain by an acid dragon (10 damage)
             ... on level 10 of the Dungeon on Aug 22, 2018.
             The game lasted 01:31:42 (12661 turns).

LuciusDrakus the Cleaver (Minotaur Berserker)      Turns: 12661, Time: 01:31:43

Health: -1/97      AC: 10    Str: 24    XL:     11   Next: 82%
Magic:  3/3        EV:  9    Int:  5    God:    Trog [*****.]
Gold:   152        SH:  0    Dex: 10    Spells: 10/10 levels left

rFire    + + +     SeeInvis .   a - +3 battleaxe (antimagic)
rCold    + + +     Gourm    .   (shield currently unavailable)
rNeg     . . .     Faith    .   M - +1 plate armour {rC+}
rPois    +         Spirit   .   (helmet restricted)
rElec    +         Reflect  .   u - scarf {rC+ rF+}
rCorr    +         Harm     .   G - +1 pair of gloves
MR       .....                  (no boots)
Stlth    ..........             (no amulet)
HPRegen  0.26/turn              v - ring of poison resistance
MPRegen  0.08/turn              q - ring of protection from fire

@: resistant, corroded
A: retaliatory headbutt, horns 2
a: Berserk, Trog's Hand, Brothers in Arms, Renounce Religion


You were on level 10 of the Dungeon.
You worshipped Trog.
Trog was extremely pleased with you.
You were not hungry.

You visited 2 branches of the dungeon, and saw 11 of its levels.
You also visited: Sewer and Ossuary.

You collected 603 gold pieces.
You spent 451 gold pieces at shops.

Inventory:

Hand Weapons
 a - a +3 antimagic battleaxe (weapon)
 i - a +2 antimagic broad axe
 m - a +0 hunting sling
 H - a +1 whip of venom
 L - a +1 hand axe of flaming
Missiles
 e - 4 javelins of returning
 h - 297 stones
 k - 8 tomahawks
 l - 250 arrows
 n - 4 tomahawks of returning
 s - 34 poisoned needles
 C - 46 bolts
 E - 5 poisoned tomahawks (quivered)
Armour
 u - a scarf of resistance (worn)
 G - a +1 pair of gloves (worn)
 M - a +1 plate armour of cold resistance (worn)
Jewellery
 q - a ring of protection from fire (right hand)
 v - a ring of poison resistance (left hand)
Wands
 b - a wand of paralysis (4)
 g - a wand of enslavement (15)
 J - a wand of acid (2)
 N - a wand of iceblast (2)
 Y - a wand of polymorph (15)
Scrolls
 f - 2 scrolls of enchant weapon {unknown}
 o - a scroll of blinking
 p - a scroll of identify
 r - 3 scrolls of magic mapping
 t - 4 scrolls of enchant armour
 x - 2 scrolls of noise
 y - a scroll of remove curse
 D - 5 scrolls of teleportation
 F - 6 scrolls of amnesia
 O - a scroll of random uselessness {unknown}
 S - a scroll of fog {unknown}
 U - a scroll of immolation {unknown}
 W - a scroll of vulnerability {unknown}
 Z - a scroll of brand weapon {unknown}
Potions
 d - 6 potions of degeneration
 j - 4 potions of haste
 w - 6 potions of flight
 z - 3 potions of agility
 A - a potion of cancellation
 Q - a potion of resistance
 R - a potion of might
 T - a potion of invisibility
 X - a potion of mutation
Comestibles
 c - 17 rations


   Skills:
 + Level 9.0 Fighting
 * Level 14.5 Axes
 * Level 8.8 Throwing
 + Level 10.3 Armour
 + Level 4.2 Dodging
 + Level 1.8 Stealth
 + Level 2.2 Evocations


You had 10 spell levels left.
You didn't know any spells.
Your spell library was empty.

Dungeon Overview and Level Annotations

Branches:
Dungeon (10/15)            Temple (1/1) D:4            Lair (0/6) D:10
    Orc (0/2) D:9

Altars:
Ashenzari
Cheibriados
Dithmenos
Elyvilon
Fedhas
Gozag
Hepliaklqana
Kikubaaqudgha
Makhleb
Nemelex Xobeh
Okawaru
Qazlal
Ru
Sif Muna
Trog
Uskayaw
Vehumet
Wu Jian
Xom
Yredelemnul
Zin
The Shining One

Shops:
D:4 *!   D:5 *   D:9 *

Annotations:
D:10 1 transporter


Innate Abilities, Weirdness & Mutations

You reflexively headbutt those who attack you in melee.
You have a pair of horns on your head.


Message History

You barely miss the acid dragon. You headbutt the acid dragon.
The acid dragon is severely wounded.
You hit the acid dragon but do no damage.
The acid dragon spits acid at you. The splash of acid hits you! You resist.
The acid corrodes you!
You are splashed with acid!
The acid burns!
You resist.
* * * LOW HITPOINT WARNING * * *
The acid dragon spits acid at you. The splash of acid hits you! You resist.
* * * LOW HITPOINT WARNING * * *
You are splashed with acid!
The acid burns!
You resist.
* * * LOW HITPOINT WARNING * * *
Quiver which item? (- for none, * to show all) (? for menu, Esc to quit)
Okay, then.
You feel protected. The acid dragon bites you!
* * * LOW HITPOINT WARNING * * *
The acid dragon claws you but does no damage.
The acid dragon bites you!
You die...

#.........##.##..)##.# #.
#####.#######.##.#.###.#.# #.
(...#.# #.##..## ##..#######.
###.#.#######.##..# #..........
###...#§.§..######## ##..######..
.##...#§§§..#§§§§§§###.#.# #...
###.#.#J.§§§#§§§§.§#.....# ##.. #
#...#D$§§§§.#D#§§#.....## ##.
#..©#©:§§§§...@§§#©...#.## #.
##..#([§§§§.#.#D§#...###.## #. #
####§§§§§#§§§§§§#..## ##.# ##' ##
#§§§.§#§§§§§§###.###.####.. .##
§§.§§########....#.####... ..##
####### ###.#.####....
...####...###########....###.....
...........................'.....
...####...#.#########....###.....


You could see 2 acid dragons.

Vanquished Creatures
  A catoblepas (D:10)
  2 centaur warriors
  Urug (D:10)
  Nergalle (D:10)
  A deep elf mage (D:7)
  3 cyclopes (D:10)
  2 manticores (D:10)
  An elephant (D:10)
  2 centaur skeletons (D:10)
  A troll (D:10)
  A hornet (D:10)
  5 hippogriffs
  A wyvern (D:8)
  A yak (D:10)
  2 basilisks (D:10)
  A human (D:10)
  A hungry ghost (D:10)
  3 acid dragons (D:10)
  A warg (D:9)
  6 orc warriors
  2 sky beasts
  2 phantoms
  Purgy (Sewer)
  A black bear (D:9)
  A necrophage (D:10)
  9 ogres
  6 centaurs
  2 big kobolds
  3 bullfrogs
  A wyvern zombie (D:7)
  A gnoll sergeant (D:7)
  A water moccasin zombie (D:7)
  2 scorpions
  A wyvern skeleton (D:8)
  3 jellies (D:10)
  4 killer bees (D:10)
  4 howler monkeys
  5 crimson imps
  2 quasits
  2 centaur zombies
  2 gnoll shamans
  6 orc priests
  4 bullfrog skeletons
  2 hounds (D:10)
  6 iguanas
  Jessica (D:3)
  5 worker ants
  8 orc wizards
  A hound skeleton (D:4)
  12 mummies (Ossuary)
  16 gnolls
  15 adders
  2 river rats (D:3)
  A shadow imp (D:4)
  2 adder skeletons
  3 worms
  5 dart slugs
  4 leopard geckos
  22 orcs
  6 ball pythons
  12 bats
  7 giant cockroaches
  7 goblins
  4 hobgoblins
  8 jackals
  17 kobolds
  2 quokkas
  2 frilled lizards
  A giant cockroach zombie (D:6)
  2 gnoll skeletons (Ossuary)
  4 goblin skeletons (Ossuary)
  2 kobold skeletons (Ossuary)
  A quokka skeleton (D:5)
  7 rats
  11 rat skeletons (Ossuary)
300 creatures vanquished.

Vanquished Creatures (others)
  5 dream sheep (D:6)
  2 fungi (D:10)
  A plant (D:10)
8 creatures vanquished.

Grand Total: 308 creatures vanquished

Notes
Turn   | Place    | Note
-------+----------+-------------------------------------------
     0 | D:1      | LuciusDrakus the Minotaur Berserker began the quest for the Orb.
     0 | D:1      | Reached XP level 1. HP: 19/19 MP: 0/0
   186 | D:1      | Reached XP level 2. HP: 23/27 MP: 1/1
   187 | D:1      | Reached skill level 4 in Axes
   557 | D:1      | Reached XP level 3. HP: 33/33 MP: 2/2
   900 | D:2      | Reached ** piety under Trog
  1859 | D:2      | Reached XP level 4. HP: 40/41 MP: 3/3
  2058 | D:3      | Noticed Jessica
  2062 | D:3      | Killed Jessica
  2184 | D:3      | Noticed an ogre
  2188 | D:3      | Killed an ogre
  2188 | D:3      | Reached skill level 5 in Axes
  2188 | D:3      | Reached XP level 5. HP: 47/47 MP: 4/4
  2529 | D:3      | Found a glowing drain.
  2540 | Sewer    | Entered a sewer
  2554 | Sewer    | Reached skill level 5 in Fighting
  2573 | Sewer    | Noticed Purgy
  2583 | Sewer    | Killed Purgy
  2583 | Sewer    | Reached XP level 6. HP: 50/56 MP: 5/5
  2725 | D:4      | Reached *** piety under Trog
  2917 | D:4      | Reached skill level 5 in Armour
  2917 | D:4      | Reached skill level 1 in Stealth
  3247 | D:4      | Found a stormy altar of Qazlal.
  3252 | D:4      | Found a radiant altar of Vehumet.
  3256 | D:4      | Found a staircase to the Ecumenical Temple.
  3321 | D:4      | Found Lowerche's Assorted Antiques.
  3579 | D:4      | Found Tuhusech's Distillery.
  3584 | D:4      | Bought a potion of cancellation for 96 gold pieces
  3584 | D:4      | Bought a potion of heal wounds for 60 gold pieces
  3584 | D:4      | Bought a potion of curing for 36 gold pieces
  3610 | D:4      | Found a shadowy altar of Dithmenos.
  3823 | Temple   | Entered the Ecumenical Temple
  3983 | D:5      | Entered Level 5 of the Dungeon
  4077 | D:5      | Found Hutiamev's Serpentskin Sales.
  4090 | D:5      | Bought 2 poisoned tomahawks for 26 gold pieces
  4090 | D:5      | Bought 5 poisoned tomahawks for 65 gold pieces
  4098 | D:5      | Reached skill level 6 in Axes
  4254 | D:5      | Reached XP level 7. HP: 41/61 MP: 6/6
  5019 | D:6      | Found a shadowy altar of Dithmenos.
  5043 | D:6      | Reached skill level 7 in Axes
  5043 | D:6      | Reached skill level 1 in Throwing
  5245 | D:6      | Reached XP level 8. HP: 65/70 MP: 7/7
  5837 | D:6      | Found a shimmering altar of Xom.
  5837 | D:6      | Noticed a dream sheep
  5837 | D:6      | Noticed a dream sheep
  5837 | D:6      | Noticed a dream sheep
  5837 | D:6      | Noticed a dream sheep
  5837 | D:6      | Noticed a dream sheep
  5842 | D:6      | Killed a dream sheep
  5843 | D:6      | Killed a dream sheep
  5843 | D:6      | Killed a dream sheep
  5843 | D:6      | Killed a dream sheep
  5843 | D:6      | Killed a dream sheep
  5989 | D:7      | Reached **** piety under Trog
  5989 | D:7      | Reached skill level 8 in Axes
  6151 | D:7      | Noticed a deep elf mage
  6173 | D:7      | Killed a deep elf mage
  6173 | D:7      | Reached skill level 9 in Axes
  6173 | D:7      | Reached XP level 9. HP: 7/78 MP: 8/8
  6513 | D:7      | Noticed a dagger
  6513 | D:7      | Noticed a dagger
  6518 | D:7      | Found a hide-covered altar of Uskayaw.
  6613 | D:7      | Reached skill level 5 in Throwing
  6949 | D:7      | Found a snail-covered altar of Cheibriados.
  7078 | D:8      | Reached skill level 10 in Axes
  7201 | D:8      | Found a sand-covered staircase.
  7220 | Ossuary  | Entered an ossuary
  7279 | Ossuary  | Reached skill level 1 in Evocations
  7706 | D:8      | Reached ***** piety under Trog
  8428 | D:9      | Noticed a centaur warrior
  8436 | D:9      | Killed a centaur warrior
  8436 | D:9      | Reached skill level 11 in Axes
  8436 | D:9      | Reached XP level 10. HP: 28/86 MP: 9/9
  8757 | D:9      | Upgraded the game from 0.23-a0-103-ge8f86619e0 to 0.23-a0-106-g63f3d0bd30
  8913 | D:9      | Found a staircase to the Orcish Mines.
  9083 | D:9      | Received a gift from Trog
  9209 | D:9      | Found Wecid's Assorted Antiques.
  9218 | D:9      | Bought a scroll of identify for 48 gold pieces
  9218 | D:9      | Bought a potion of heal wounds for 120 gold pieces
  9302 | D:9      | Found an ornate altar of the Wu Jian Council.
  9919 | D:10     | Entered Level 10 of the Dungeon
  9971 | D:10     | Reached skill level 12 in Axes
 10131 | D:10     | Noticed Urug
 10131 | D:10     | Noticed Nergalle
 10154 | D:10     | Killed Urug
 10161 | D:10     | Killed Nergalle
 10190 | D:10     | Reached skill level 13 in Axes
 10216 | D:10     | Reached XP level 11. HP: 40/94 MP: 3/10
 10770 | D:10     | Found a staircase to the Lair.
 10823 | D:10     | Received a gift from Trog
 11188 | D:10     | Noticed a centaur warrior
 11196 | D:10     | Killed a centaur warrior
 11196 | D:10     | Reached skill level 14 in Axes
 11362 | D:10     | Noticed a catoblepas
 11408 | D:10     | HP: 7/142 [catoblepas (12)]
 11410 | D:10     | Killed a catoblepas
 11505 | D:10     | Upgraded the game from 0.23-a0-106-g63f3d0bd30 to 0.23-a0-114-g55e0228dad
 11589 | D:10     | Found a transporter.
 11622 | D:10     | Received a gift from Trog
 11622 | D:10     | Reached skill level 10 in Armour
 12202 | D:10     | Found a transporter.
 12661 | D:10     | Slain by an acid dragon

Vault maps used:
D:1:      sevenhm_arrival_forest_fort_small_6, nrook_loot_triangle,
          minmay_misc_feat_x
D:3:      portal_sewer_entry_e, uniq_jessica
D:4:      chequers_temple_overflow_statue_of_worship, minmay_temple_entry_grid,
          serial_shops, shop, shop, grunt_dithmenos_shadows
D:5:      first_ration, guppyfry_shop_venom
D:6:      kennysheep_mini_moat, hangedman_decor_diamond_cutter,
          kb_xom_exploding_sheep
D:7:      kennysheep_mini, dancing_weapons_uskayaw
D:8:      nicolae_ossuary_entry_monument
D:9:      lemuel_doored_altar, erik_orc_3, serial_glass, glass_columns_b,
          glass_columns_c, glass_columns_a, glass_columns_b, serial_shops,
          nicolae_shop_overgrown_old_shop
D:10:     gammafunk_cloud_chamber, david_lair_generic, hangedman_stone_soup,
          minivault_28, uniq_urug, uniq_nergalle
Temple:   regret_index_temple_sphere_string
Sewer:    sewer_big_baddie
Ossuary:  ossuary_due_small_catacomb

Skill      XL: |  1  2  3  4  5  6  7  8  9 10 11 |
---------------+----------------------------------+-----
Axes           | 4 5 6 7 9 11 13 14 | 14.5
Fighting       | 4 5 6 7 8 9 |  9.0
Armour         | 3 4 5 6 7 8 9 10 | 10.3
Dodging        | 3 4 |  4.2
Stealth        | 1 |  1.8
Throwing       | 1 4 6 7 8 |  8.8
Evocations     | 1 2 |  2.2

Action                   |  1- 3 |  4- 6 |  7- 9 | 10-12 || total
-------------------------+-------+-------+-------+-------++-------
Melee: Hand axe          |    86 |    89 |   265 |    57 ||   497
       Headbutt          |    11 |    18 |    51 |    65 ||   145
       War axe           |       |    43 |    21 |       ||    64
       Broad axe         |       |       |       |   218 ||   218
       Battleaxe         |       |       |       |    11 ||    11
Throw: Tomahawk          |       |    17 |    68 |    59 ||   144
       Stone             |       |       |    31 |       ||    31
       Javelin           |       |       |       |     8 ||     8
Invok: Berserk           |       |     1 |     1 |     2 ||     4
       Trog's Hand       |       |       |     1 |     1 ||     2
Evoke: Wand              |       |       |    11 |    22 ||    33
  Use: Scroll            |       |       |    13 |     3 ||    16
       Potion            |       |       |       |    12 ||    12
 Stab: Paralysed         |       |       |     2 |       ||     2
  Eat: Chunk             |     3 |     5 |     8 |     7 ||    23
       Ration            |       |     1 |     2 |     4 ||     7
Armor: Ring mail         |    16 |       |       |       ||    16
       Scale mail        |     1 |    58 |     8 |       ||    67
       Plate armour      |       |       |   184 |   186 ||   370
Dodge: Dodged            |    41 |    97 |   136 |   128 ||   402

Table legend:
 A = Non-vault XP
 B = Vault XP
 C = Vault XP percentage of total XP
 D = Non-vault monster count
 E = Vault monster count
 F = Vault count percentage of total count
                 A         B        C        D         E       F
            +---------+---------+-------+---------+---------+-------
      Total |    9894 |   10076 |  50.5 |     209 |      90 |  30.1
            +---------+---------+-------+---------+---------+-------
        D:1 |      44 |       0 |   0.0 |      21 |       0 |   0.0
        D:2 |      60 |       0 |   0.0 |      20 |       0 |   0.0
        D:3 |     125 |      96 |  43.4 |       7 |       9 |  56.2
        D:4 |     172 |      11 |   6.0 |      14 |       1 |   6.7
        D:5 |     434 |      14 |   3.1 |      16 |       2 |  11.1
        D:6 |     814 |       0 |   0.0 |      20 |       0 |   0.0
        D:7 |    1739 |       0 |   0.0 |      21 |       0 |   0.0
        D:8 |    1191 |       0 |   0.0 |      29 |       0 |   0.0
        D:9 |    2135 |     680 |  24.2 |      23 |      15 |  39.5
       D:10 |    3180 |    8897 |  73.7 |      38 |      27 |  41.5
      Sewer |       0 |     138 | 100.0 |       0 |       6 | 100.0
    Ossuary |       0 |     240 | 100.0 |       0 |      30 | 100.0
            +---------+---------+-------+---------+---------+-------
